 Dungeon Crawl Stone Soup version 0.30.0-10-gfe55d96785 (webtiles) character file.

Game seed: 2140474966811458976

6 Byczy the Firebug (level 1, -3/10 HPs)
             Began as a Deep Elf Fire Elementalist on May 15, 2023.
             Slain by a gnoll
             ... wielding a +0 flail
              (7 damage)
             ... on level 1 of the Dungeon.
             The game lasted 00:00:35 (56 turns).

Byczy the Firebug (Deep Elf Fire Elementalist)        Turns: 56, Time: 00:00:35

Health: -3/10      AC:  2    Str:  5    XL:     1   Next: 75%
Magic:  1/6        EV: 12    Int: 19    God:
Gold:   5          SH:  0    Dex: 15    Spells: 5/6 levels left

rFire   . . .        (no weapon)
rCold   . . .        (no shield)
rNeg    . . .        a - +0 robe
rPois   .            (no helmet)
rElec   .            (no cloak)
rCorr   .            (no gloves)
SInv    .            (no boots)
Will    .....        (no amulet)
Stlth   ++           (no ring)
HPRegen 0.21/turn    (no ring)
MPRegen 0.10/turn

%: no passive effects
@: no status effects
A: no striking features
a: no special abilities


You were on level 1 of the Dungeon.
You visited 1 branch of the dungeon, and saw 1 of its levels.

You collected 5 gold pieces.

Inventory:

Armour
 a - a +0 robe (worn)
Potions
 b - a potion of magic
 c - a potion of heal wounds {unknown}


   Skills:
 + Level 2.4 Dodging
 + Level 2.4 Stealth
 + Level 3.1 Spellcasting
 + Level 1.3 Conjurations
 + Level 3.5 Fire Magic


You had 5 spell levels left.
You knew the following spells:

 Your Spells              Type           Power      Damage    Failure   Level
a - Foxfire               Conj/Fire      48%        2x1d6     5%          1

Your spell library contained the following spells:

 Spells                   Type           Power      Damage    Failure   Level
 Scorch                   Fire           32%        2d6       5%          2
 Inner Flame              Hex/Fire       9%         N/A       22%         3
 Volatile Blastmotes      Fire/Tloc      18%        2d11      22%         3
 Flame Wave               Conj/Fire      12%        2d6       50%         4


Dungeon Overview and Level Annotations

Branches:
Dungeon (1/15)

Altars:


Message History

The foxfire hits the jackal.
The jackal is almost dead.
The foxfire hits the jackal.
You kill the jackal!
You conjure some foxfire!
You conjure some foxfire!
The foxfire hits the jackal.
The jackal is heavily wounded.
The jackal bites you.
You closely miss the jackal.
The jackal is heavily wounded.
The foxfire hits the jackal.
You kill the jackal!
Your foxfire dissipates!
You see here a jackal corpse.
You start resting.
Your foxfire dissipates!
Found 2 sedimented dark potions.
Found a leather armour and a glowing chain mail.
A bat, a ball python and a gnoll come into view.
Found 6 stones.
The gnoll shouts!
You hear a shout!
You conjure some foxfire!
A bat comes into view.
The foxfire hits the gnoll.
The gnoll is heavily wounded.
You conjure some foxfire!
The foxfire hits the ball python.
The ball python is moderately wounded.
The foxfire hits the ball python.
You kill the ball python!
A goblin comes into view. It is wielding a +0 club.
You are out of magic!
Unknown command.
The gnoll attacks as you move away! The gnoll misses you.
The foxfire hits the bat.
You kill the bat!
The gnoll attacks as you move away! The gnoll hits you with a +0 flail.
Ouch! That really hurt!
The gnoll attacks as you move away! The gnoll hits you with a +0 flail!
Ouch! That really hurt!
You die...

#.. .... ... #.. #..# ...#
#.#.. #.# #..# g...##.#..
#.# #..# .....#..[# #.# #..#
#......#.# #######.###..#
.#.....#.# #.........†..#
.......#.###...###.###.#####
#....(#b.g@...# #.# #......
#!...####...# #.# #..###.
.....†..§......# #.# #..# #.
.#[..#......#..# #.# #..# #.
.... #..........##.# #..# #.
.#. #.....b#...##.# #..# #.
.. #........... ...# #. .
#......#.#### #### #.
.........# #.


You could see a gnoll and a bat.

Vanquished Creatures
  A ball python (D:1)
  3 jackals (D:1)
  A bat (D:1)
5 creatures vanquished.

Vanquished Creatures (others)
  11 foxfires (D:1)
11 creatures vanquished.

Grand Total: 16 creatures vanquished

Notes
Turn   | Place    | Note
-------+----------+-------------------------------------------
     0 | D:1      | Byczy the Deep Elf Fire Elementalist began the quest for
                  | the Orb.
     0 | D:1      | Reached XP level 1. HP: 10/10 MP: 6/6
    56 | D:1      | Slain by a gnoll

Illustrated notes

Levels and vault maps discovered:
D:1:      scummos_arrival_forest, layout_loops_ring,
          ebering_ecumenical_altar_sacrificial, hangedman_decor_lopped,
          corexii_hall_statues_u, minmay_lizard_king

Action                     || total
---------------------------++-------
  Melee: Unarmed           ||     1
   Cast: Foxfire           ||     8
  Dodge: Dodged            ||     1
